 Dungeon Crawl Stone Soup version 0.28.0-49-g6dfe1f597d (console) character file.

Game seed: 5760831394031525101

164 Faeu the Skirmisher (level 5, -2/47 HPs)
             Began as a Minotaur Berserker on May 16, 2022.
             Was a Priest of Trog.
             Killed from afar by Sigmund (9 damage)
             ... with a puff of flame
             ... on level 4 of the Dungeon.
             The game lasted 00:02:59 (3622 turns).

Faeu the Skirmisher (Minotaur Berserker)            Turns: 3622, Time: 00:02:59

Health: -2/47      AC:  3    Str: 23    XL:     5   Next: 21%
Magic:  4/4        EV: 16    Int:  4    God:    Trog [***...]
Gold:   186        SH:  0    Dex: 10    Spells: 4/4 levels left

rFire   . . .      SeeInvis .   a - +0 hand axe {axe}
rCold   . . .      Faith    .   (no shield)
rNeg    . . .      Spirit   .   b - +0 animal skin
rPois   .          Reflect  .   (helmet restricted)
rElec   .          Harm     .   d - +0 cloak
rCorr   .          Rampage  .   (no gloves)
Will    .....                   (no boots)
Stlth   +.........              (no amulet)
HPRegen 0.15/turn               i - +4 ring of evasion
MPRegen 0.09/turn               (no ring)

@: on berserk cooldown, slowed, very slow
A: horns 2, retaliatory headbutt
a: Renounce Religion, Berserk, Trog's Hand


You were on level 4 of the Dungeon.
You worshipped Trog.
Trog was most pleased with you.
You visited 1 branch of the dungeon, and saw 4 of its levels.

You collected 186 gold pieces.


Innate Abilities, Weirdness & Mutations

You have a pair of horns on your head.
You reflexively headbutt those who attack you in melee.


   Skills:
 + Level 4.8 Fighting
 + Level 4.8 Axes
 + Level 3.8 Armour
 + Level 3.4 Dodging


You had 4 spell levels left.
You didn't know any spells.
Your spell library contained the following spells:

 Spells                   Type           Power      Damage    Failure   Level
 Animate Skeleton         Necr           0%         N/A       50%         1
 Pain                     Necr           0%         1d4       50%         1
 Blink                    Tloc           0%         N/A       65%         2
 Vampiric Draining        Necr           0%         2d6       86%         3
 Manifold Assault         Tloc           0%         N/A       100%        5
 Storm Form               Tmut/Air       0%         N/A       100%        7

Inventory:

Hand Weapons
 a - a +0 hand axe (weapon) {axe}
 k - a +0 short sword of draining {short}
   (You took it off a kobold on level 2 of the Dungeon)
Armour
 b - a +0 animal skin (worn)
 d - a +0 cloak (worn)
   (You found it on level 1 of the Dungeon)
Jewellery
 i - a +4 ring of evasion (left hand)
   (You found it on level 2 of the Dungeon)
Scrolls
 c - 3 scrolls of identify {unknown}
 e - a scroll of teleportation {unknown}
 f - a scroll of silence {unknown}
 j - a scroll of amnesia {unknown}
 l - a scroll of fog {unknown}
 m - 2 scrolls of enchant armour {unknown}
 o - a scroll of immolation {unknown}
Potions
 g - 2 potions of curing {unknown}
 h - 2 potions of might {unknown}
 n - 2 potions of lignification {unknown}

Dungeon Overview and Level Annotations

Branches:
Dungeon (4/15)             Temple (0/1) D:4

Altars:
Gozag

Annotations:
D:3 2 transporters, Atelerd's ghost, amateur OpEE
D:4 Sigmund

.# #....#.#.#
#....#.#.#
###....#.#
..#....# .##.#..#
#.#.## #...## #
#(.#..#######.#
#..##.#........
#. #.#)...=... ..
#))@@......
........).......
...#####......<..
#?........
#.........
..........
#.####.... #.#
....


You could see Sigmund.


Message History

No target in view!
Partly explored, unvisited transporter.
No target in view!
Partly explored, unvisited transporter.
No target in view!
Partly explored, unvisited transporter.
No target in view!
Partly explored, unvisited transporter.
No target in view!
(D) Dungeon
Where to? (Enter - D:3, ? - help)
There is a stone staircase leading up here.
There is a stone staircase leading down here.
You climb downwards.
There is a stone staircase leading up here.
Found a staircase to the Ecumenical Temple.
m - 2 scrolls labelled FOIRYASK WIGUO (gained 1) No target in view!
You now have 186 gold pieces (gained 7).
o - a scroll labelled QOAGHY QOMOF No target in view!
There is a stone staircase leading up here.
You pick up a book of Necromancy {forbidden} and begin reading...
You add the spells Pain, Animate Skeleton and Vampiric Draining to your library.
You see here 19 arrows.
No target in view!
A kobold comes into view.
It is wielding a +0 dagger. 2 gnolls come into view.
The gnoll shouts! x2; You hear a shout! x2
There are monsters nearby!
A gnoll comes into view. It is wielding a +0 club.
The kobold shouts!
The gnoll shouts!
A red film seems to cover your vision as you go berserk!
You feel yourself moving faster!
You feel mighty! The gnoll misses you. 😎 HP[+20]
You now have 61 max hp (+20).
You feel a strong urge to attack something.
You slice the gnoll!!
You kill the gnoll!
Trog accepts your kill. The gnoll completely misses you.
Sigmund the Dreaded comes into view.
He is wielding a +0 scythe.
You have reached level 5! 😎 HP[+9] MP[+1]
You now have 70 max hp (+9).
Your mp is fully restored (4).
You closely miss the kobold.
Sigmund shouts!
The gnoll hits you from afar with a +0 halberd! 😕 HP[-11]
You take 11 damage, and now have 59/70 hp.
You closely miss the kobold. The kobold misses you. The gnoll misses you.
You slash the kobold!
You kill the kobold!
Trog accepts your kill. The gnoll barely misses you. You furiously retaliate!
You headbutt the gnoll. The gnoll hits you but does no damage.
You see here a +0 dagger {short}.
You hit the gnoll. x2; The gnoll hits you with a +0 club.
The gnoll hits you with a +0 halberd! 😮 HP[-18]
You take 18 damage, and now have 41/70 hp.
MASSIVE DAMAGE!! (PAUSE)
You slash the gnoll!
You kill the gnoll!
Trog accepts your kill.
You hit the gnoll. Sigmund closely misses you. 😮 HP[+1]
You hit the gnoll. The gnoll hits you but does no damage.
You slash the gnoll!
You kill the gnoll!
Trog accepts your kill. Sigmund gestures at you while chanting.
The puff of flame hits you. 😮 HP[-6]
You take 6 damage, and now have 36/70 hp.
You are no longer berserk.
You are exhausted.
You feel yourself slow down. Sigmund barely misses you. 😮 HP[-12]
You now have 47 max hp (-23).
You barely miss Sigmund. Your headbutt misses Sigmund.
Sigmund hits you with a +0 scythe!
* * * LOW HITPOINT WARNING * * *
😨 HP[-9]
You take 9 damage, and now have 15/47 hp.
You hit Sigmund but do no damage. Your headbutt misses Sigmund.
Sigmund closely misses you.
You closely miss Sigmund. Sigmund misses you. 😨 HP[+1]
You closely miss Sigmund. Sigmund gestures at you while chanting.
The magic dart hits you!
* * * LOW HITPOINT WARNING * * *
😱 HP[-9]
You take 9 damage, and now have 7/47 hp.
You closely miss Sigmund. You headbutt Sigmund, but do no damage.
Sigmund casts a spell at you. The puff of flame hits you!
You die...

Skill      XL: |  1  2  3 |
---------------+----------+-----
Axes           | 4 |  4.8
Fighting       | 4 |  4.8
Armour         | 3 |  3.8
Dodging        | 3 |  3.4

Action                   |  1- 3 |  4- 6 || total
-------------------------+-------+-------++-------
Melee: Hand axe          |   102 |    50 ||   152
       Headbutt          |    11 |     7 ||    18
Invok: Berserk           |     2 |     2 ||     4
 Stab: Sleeping          |     1 |       ||     1
Armor: Animal skin       |    18 |    12 ||    30
Dodge: Dodged            |    77 |    51 ||   128

Levels and vault maps discovered:
D:1:      nagdon_arrival_zigzag_paths, layout_basic, minmay_stone_trees_small,
          wander_ebering_terrifying_dragon_lair
D:2:      layout_basic
D:3:      layout_basic, grunt_gozag_breadcrumbs, gammafunk_ghost_arena,
          chequers_ecumenical_altar_lobes
D:4:      layout_rooms, marbit_many_paths, nemelex_altar_shiori,
          temple_fountains, chequers_avenue, uniq_sigmund

Notes
Turn   | Place    | Note
-------+----------+-------------------------------------------
     0 | D:1      | Faeu the Minotaur Berserker began the quest for the Orb.
     0 | D:1      | Reached XP level 1. HP: 19/19 MP: 0/0
     0 | D:1      | magus.rc [v1.9.6]
   360 | D:1      | Reached XP level 2. HP: 27/27 MP: 1/1
   536 | D:1      | Reached skill level 4 in Axes
   678 | D:1      | Reached skill level 4 in Fighting
   678 | D:1      | Reached skill level 3 in Armour
   776 | D:1      | Reached XP level 3. HP: 32/33 MP: 2/2
   927 | D:1      | Reached ** piety under Trog
  1664 | D:2      | HP: 6/31 [poisoned by an adder]
  2040 | D:2      | Reached skill level 3 in Dodging
  2040 | D:2      | Reached XP level 4. HP: 33/40 MP: 3/3
  2681 | D:3      | Found a faded altar of an unknown god.
  2738 | D:3      | Found a transporter.
  2738 | D:3      | Noticed Atelerd's ghost (amateur OpEE)
  2740 | D:3      | Noticed a centaur
  2754 | D:3      | You add the spells Blink, Manifold Assault and Storm Form
                  | to your library.
  3149 | D:3      | Found a transporter.
  3298 | D:3      | Found an opulent altar of Gozag.
  3559 | D:4      | Found a staircase to the Ecumenical Temple.
  3577 | D:4      | You pick up a book of Necromancy {forbidden} and begin
                  | reading...
  3577 | D:4      | You add the spells Pain, Animate Skeleton and Vampiric
                  | Draining to your library.
  3608 | D:4      | Noticed Sigmund
  3609 | D:4      | Reached XP level 5. HP: 47/47 MP: 4/4
  3614 | D:4      | Reached *** piety under Trog
  3621 | D:4      | HP: 7/47 [Sigmund/magic dart (9)]
  3622 | D:4      | Killed from afar by Sigmund

Vanquished Creatures
  An orc wizard (D:3)
  3 adders
  3 gnolls (D:4)
  4 dart slugs (D:1)
  2 orcs (D:3)
  9 bats
  7 endoplasms
  2 giant cockroaches
  6 goblins
  6 hobgoblins
  9 jackals
  2 quokkas (D:1)
  5 ball pythons
  5 frilled lizards
  5 kobolds
  6 rats
75 creatures vanquished.

Vanquished Creatures (others)
  A plant (D:3)
1 creature vanquished.

Grand Total: 76 creatures vanquished

Table legend:
 A = Non-vault XP
 B = Vault XP
 C = Vault XP percentage of total XP
 D = Non-vault monster count
 E = Vault monster count
 F = Vault count percentage of total count
                 A         B        C        D         E       F
            +---------+---------+-------+---------+---------+-------
      Total |     234 |       1 |   0.4 |      74 |       1 |   1.3
            +---------+---------+-------+---------+---------+-------
        D:1 |      59 |       1 |   1.7 |      31 |       1 |   3.1
        D:2 |      50 |       0 |   0.0 |      19 |       0 |   0.0
        D:3 |      83 |       0 |   0.0 |      20 |       0 |   0.0
        D:4 |      42 |       0 |   0.0 |       4 |       0 |   0.0
            +---------+---------+-------+---------+---------+-------

Illustrated notes

Table legend:
 A = Kills in this place as a percentage of kills in entire the game.
 B = Kills by you in this place as a percentage of kills by you in the entire game.
 C = Kills by friends in this place as a percentage of kills by friends in the entire game.
 D = Other kills in this place as a percentage of other kills in the entire game.
 E = Experience gained in this place as a percentage of experience gained in the entire game.
 F = Experience gained in this place divided by the number of levels of this place that you have seen.
                   A       B       C       D       E      F
               +-------+-------+-------+-------+-------+----------------------
         Total | 100.0 | 100.0 |   N/A |   N/A | 100.0 |  58.8
       Dungeon | 100.0 | 100.0 |   N/A |   N/A | 100.0 |  58.8
               +-------+-------+-------+-------+-------+----------------------

Table legend: (Time is in decaauts)
 A = Elapsed time spent in this place.
 B = Non-inter-level travel time spent in this place.
 C = Inter-level travel time spent in this place.
 D = Time resting spent in this place.
 E = Time spent auto-exploring this place.
 F = Levels seen in this place.
 G = Mean time per level.
                   A        B        C        D        E       F      G
               +--------+--------+--------+--------+--------+-----+--------+
         Total |   3671 |   3589 |     82 |    579 |   2596 |   4 |  917.8 |
       Dungeon |   3671 |   3589 |     82 |    579 |   2596 |   4 |  917.8 |
               +--------+--------+--------+--------+--------+-----+--------+

Top non-repeatable levels by time:
     D:2: 1396 daAuts
     D:1: 1196 daAuts
     D:3: 1015 daAuts
     D:4: 63 daAuts
